 Dungeon Crawl Stone Soup version 0.28.0-45-g0d030f2227 (webtiles) character file.

Game seed: 17866452045706245466

112 NinjaNoafa the Ruffian (level 4, -5/36 HPs)
             Began as a Draconian Transmuter on Apr 6, 2022.
             Was an Initiate of Hepliaklqana.
             Killed from afar by a white imp (7 damage)
             ... with a puff of frost
             ... summoned by Natasha
             ... on level 4 of the Dungeon.
             The game lasted 00:04:23 (2719 turns).

NinjaNoafa the Ruffian (Draconian Transmuter)       Turns: 2719, Time: 00:04:24

Health: -5/36      AC:  5    Str: 12 (14) XL:     4   Next: 63%
Magic:  15/16      EV: 12    Int: 12 (13) God:    Hepliaklqana [......]
Gold:   13         SH:  0    Dex:  9 (12) Spells: 7/8 levels left

rFire   . . .      SeeInvis .     - Unarmed
rCold   . . .      Faith    .   (no shield)
rNeg    . . .      Spirit   .   (armour unavailable)
rPois   .          Reflect  .   (helmet currently unavailable)
rElec   .          Harm     .   (no cloak)
rCorr   .          Rampage  .   (no gloves)
Will    .....                   (boots currently unavailable)
Stlth   +.........              (no amulet)
HPRegen 0.12/turn               b - ring of magical power
MPRegen 0.15/turn               (no ring)

@: appendages (expiring), slowed, very slow
A: horns 2, talons 2, AC +5, unfitting armour, cold-blooded
a: End Transformation, Renounce Religion


You were on level 4 of the Dungeon.
You worshipped Hepliaklqana.
Hepliaklqana was noncommittal.
You had temporarily grown beastly horns and talons.
You visited 2 branches of the dungeon, and saw 4 of its levels.

You collected 13 gold pieces.

Inventory:

Hand Weapons
 g - a +2 dagger of draining
 i - a +0 falchion of holy wrath
Missiles
 d - 2 poisoned darts
 k - 6 boomerangs
Jewellery
 b - a ring of magical power (left hand)
Scrolls
 a - a scroll of silence
 c - a scroll of immolation {unknown}
 f - a scroll of amnesia {unknown}
 h - a scroll of identify {unknown}
 l - a scroll of torment {unknown}
Potions
 e - a potion of lignification {unknown}


   Skills:
 + Level 2.0 Fighting
 - Level 1.4 Short Blades
 + Level 0.0(0.7) Long Blades
 * Level 2.2 Dodging
 - Level 3.3 Unarmed Combat
 + Level 2.6 Spellcasting
 + Level 3.0 Transmutations


You had 7 spell levels left.
You knew the following spells:

 Your Spells              Type           Power      Damage    Failure   Level
a - Beastly Appendage     Tmut           16%        N/A       8%          1

Your spell library contained the following spells:

 Spells                   Type           Power      Damage    Failure   Level
 Wereblood                Tmut           8%         N/A       11%         2
 Spider Form              Tmut/Pois      5%         N/A       38%         3
 Ice Form                 Ice/Tmut       5%         N/A       80%         4


Dungeon Overview and Level Annotations

Branches:
Dungeon (4/15)             Temple (1/1) D:4

Altars:
Ashenzari
Gozag
Hepliaklqana
Makhleb
Nemelex Xobeh
Okawaru
Ru
Sif Muna
Trog
Wu Jian
Yredelemnul
Zin

Shops:
D:1 *

Annotations:
D:4 Natasha


Innate Abilities, Weirdness & Mutations

You have temporarily grown beastly horns and talons.
Your plain brown scales are hard. (AC +5)
You cannot fit into any form of body armour.
You are cold-blooded and may be slowed by cold attacks.


Message History

The giant cockroach bites you but does no damage.
There is an open door, spattered with blood here.
Items here: ))))) ††.
You hit the giant cockroach but do no damage.
You punch the giant cockroach.
You kill the giant cockroach!
Natasha, Servant of Life and Death comes into view.
She is carrying a wand of flame (22).
Natasha hisses angrily.
Natasha casts a spell at you.
You feel yourself slow down.
Natasha zaps a wand.
The puff of flame hits you.
Natasha zaps a wand.
The puff of flame hits you.
Natasha zaps a wand.
The puff of flame hits you. Natasha misses you. Natasha barely misses you.
Natasha mumbles some strange words.
You see here a +0 falchion of holy wrath.
i - a +0 falchion of holy wrath Natasha stares at you and mumbles some strange words.
The magic dart hits you.
The white imp hits you but does no damage.
Casting: Beastly Appendage (safe; 8% risk of failure)
Confirm with . or Enter, or press ? or * to list all spells.
You grow a pair of large bovine horns.
Your feet morph into talons.
Natasha claws you but does no damage.
The white imp hits you but does no damage.
Natasha barely misses you. The white imp barely misses you.
You hit the white imp.
The white imp is moderately wounded.
Natasha claws you! The white imp closely misses you.
You hit the white imp but do no damage.
The white imp is moderately wounded.
Your transformation is almost over.
Natasha zaps a wand.
The puff of flame hits you!
* * * LOW HITPOINT WARNING * * *
The white imp barely misses you. Natasha claws you.
* * * LOW HITPOINT WARNING * * *
The white imp gestures at you. The puff of frost hits you!
You die...

........#..#.##.#.....#####.#
........#..#..#.#.....#####.###
....###.#..##.#.###+###)).)...#
.... ..#..##...###.##)####.#.#
#..# #..##..##)####.#.# #..
#...........##.#.#
#..........##.#.#
#..h.......##.#.#
#.@5.......##.#.#
#.######.####.#.. #. #.# .. ...
### #.#. #.#.. .#


You could see Natasha and a white imp (summoned).

Vanquished Creatures
  Natasha (D:4)
  Robin (D:4)
  An adder (D:4)
  An ufetubus (D:4)
  A worm (D:2)
  A dart slug (D:1)
  An endoplasm (D:1)
  2 giant cockroaches
  12 goblins
  9 hobgoblins
  4 jackals (D:2)
  2 quokkas
  3 ball pythons
  4 bats
  A frilled lizard (D:2)
  6 kobolds (D:1)
  2 rats (D:2)
52 creatures vanquished.

Notes
Turn   | Place    | Note
-------+----------+-------------------------------------------
     0 | D:1      | NinjaNoafa the Draconian Transmuter began the quest for the
                  | Orb.
     0 | D:1      | Reached XP level 1. HP: 16/16 MP: 3/3
   695 | D:1      | Reached XP level 2. HP: 15/23 MP: 5/5
  1102 | D:1      | Found a faded altar of an unknown god.
  1288 | D:1      | Reached XP level 3. HP: 21/27 MP: 6/6
  1469 | D:1      | Found Tiashruyt's Assorted Antiques.
  1826 | D:2      | You fall into a shaft and drop 2 floors!
  1826 | D:4      | Noticed Natasha
  1835 | D:4      | Killed Natasha
  1836 | D:4      | Reached XP level 4. HP: 34/36 MP: 7/7
  1881 | D:4      | Reached skill level 1 in Short Blades
  1882 | D:4      | Found a staircase to the Ecumenical Temple.
  1888 | Temple   | Entered the Ecumenical Temple
  2377 | Temple   | Became a worshipper of Hepliaklqana the Forgotten
  2491 | D:4      | Noticed Robin
  2537 | D:4      | Killed Robin
  2709 | D:4      | Noticed Natasha
  2719 | D:4      | Killed from afar by a white imp

Illustrated notes

Levels and vault maps discovered:
D:1:      ebering_trefoil_3fold, layout_basic,
          dilly_ecumenical_altar_fadedgnrine, serial_shops, shop,
          minmay_indecisive_spiral
D:2:      layout_basic
D:4:      layout_basic, temple_green, uniq_crazy_yiuf_cottage, uniq_natasha,
          uniq_sigmund, uniq_robin
Temple:   minmay_temple_forest_path

Skill      XL: |  1  2  3  4 |
---------------+-------------+-----
Dodging        | 2 |  2.2
Fighting       | 2 |  2.0
Short Blades   | 1 |  1.4
Transmutations | 3 |  3.0
Unarmed Combat | |  3.3
Spellcasting   | |  2.6

Action                   |  1- 3 |  4- 6 || total
-------------------------+-------+-------++-------
Melee: Unarmed           |    67 |    12 ||    79
       Kick              |     4 |     2 ||     6
       Headbutt          |     3 |     1 ||     4
       Tailslap          |     7 |     2 ||     9
       Dagger            |    44 |    33 ||    77
       Punch             |       |     3 ||     3
 Cast: Beastly Appendage |     4 |     3 ||     7
  Use: Potion            |       |     3 ||     3
       Scroll            |       |     1 ||     1
Armor: Skin              |    49 |    29 ||    78
Dodge: Dodged            |    98 |    73 ||   171
